 Dungeon Crawl Stone Soup version 0.18-a0-1789-gbeff17f (webtiles) character file.

16 macross the Grasshopper (level 2, -2/15 HPs)
             Began as a Spriggan Warper on Apr 21, 2016.
             Slain by a worm (10 damage)
             ... on level 2 of the Dungeon.
             The game lasted 00:02:55 (531 turns).

macross the Grasshopper (Spriggan Warper)            Turns: 531, Time: 00:02:56

Health: -2/15      AC:  2    Str:  7    XL:     2   Next: 37%
Magic:  5/6        EV: 18    Int: 14    God:
Gold:   21         SH:  0    Dex: 15    Spells: 1 memorised, 5 levels left

rFire  . . .     SeeInvis +     a - +0 falchion
rCold  . . .     Gourm    .     b - +0 robe
rNeg   . . .     Faith    .     (shield restricted)
rPois  .         Spirit   .     (helmet restricted)
rElec  .         Dismiss  .     (no cloak)
rCorr  .         Reflect  .     (gloves unavailable)
SustAt .         Harm     .     (boots unavailable)
MR     .....                    (no amulet)
Stlth  +.........               (no ring)
                                (no ring)

@: very quick, not resistant to hostile enchantments, very unstealthy
A: unfitting armour, see invisible, herbivore 3, speed 3, slow metabolism 2
a: no special abilities


You were on level 2 of the Dungeon.
You were not hungry.

You visited 1 branch of the dungeon, and saw 2 of its levels.

You collected 21 gold pieces.

Inventory:

Hand Weapons
 a - a +0 falchion (weapon)
 i - a +0 short sword
Missiles
 e - 5 tomahawks of dispersal (quivered)
Armour
 b - a +0 robe (worn)
Scrolls
 d - a scroll of blinking
 h - 3 scrolls of enchant weapon {unknown}
Potions
 g - a potion of heal wounds
 j - 2 potions of curing {unknown}
Books
 c - a book of Spatial Translocations

   Spells                             Type                      Level
   a - Apportation                    Translocation                1
   b - Blink                          Translocation                2
   c - Shroud of Golubria             Charms/Translocation         2
   d - Portal Projectile              Translocation                3
   e - Teleport Other                 Translocation                3
   f - Passage of Golubria            Translocation                4
Comestibles
 f - a bread ration


   Skills:
 + Level 1.7 Fighting
 * Level 2.0 Long Blades
 + Level 1.0 Throwing
 + Level 3.6 Dodging
 + Level 2.8 Spellcasting
 + Level 4.7 Translocations


You had 5 spell levels left.
You knew the following spells:

 Your Spells              Type           Power        Failure   Level  Hunger
a - Apportation           Tloc           ###.......   3%          1    #......


Dungeon Overview and Level Annotations

Branches:
Dungeon (2/15)

Altars:


Innate Abilities, Weirdness & Mutations

You are tiny and cannot use many weapons and most armour.
You have supernaturally acute eyesight.
You are a herbivore.
You cover ground extremely quickly.
You need consume almost no food.


Message History

The worm misses you.
You barely miss the worm. The bat hits you but does no damage.
The worm barely misses you. The adder misses you.
You barely miss the worm. The bat hits you. The adder completely misses you.
The worm bites you.
Casting: Apportation
Confirm with . or Enter, or press ? or * to list all spells.
You don't know that spell.
Casting: Apportation
Confirm with . or Enter, or press ? or * to list all spells.
Aiming: Apportation
Press: ? - help, Dir - move target cursor Apport: 3 scrolls labeled QUASSIH BISONE Yoink!
You pull the items towards yourself.
The adder closely misses you. The bat hits you but does no damage.
The adder closely misses you.
h - 3 scrolls labeled QUASSIH BISONE The bat hits you.
The adder barely misses you. The worm bites you!
Ouch! That really hurt!
You die...

... #.#.##### #.#..... .
#.#.... .. ##.#... +#. ...bg
... ..>.##.w# ... .......@#
..### ....##.S# ##### #... .
.S.#..# #...# #..### ##.#..#
#...# #.... +.....# #...#
##..## ##..#'#######...#
#....### ##.............#
#....'.#######.............#
'....#.##...(...[..........#


You could see a worm, a gnoll, an adder and a bat.

Vanquished Creatures
  An adder (D:2)
  2 goblins
  A hobgoblin (D:1)
  A giant newt (D:1)
  A kobold (D:2)
  2 rats
8 creatures vanquished.

Notes
Turn   | Place    | Note
--------------------------------------------------------------
     0 | D:1      | macross the Spriggan Warper began the quest for the Orb.
     0 | D:1      | Reached XP level 1. HP: 10/10 MP: 5/5
   417 | D:2      | Reached XP level 2. HP: 3/15 MP: 6/6
   531 | D:2      | Slain by a worm

Vault maps used:
D:1:      dpeg_arrival_tiny_c, serial_bayou, serial_bayou_pond_b,
          serial_bayou_pond_e, serial_bayou_pond_d, serial_bayou_pond_d,
          corexii_hall_statues_deadend

Skill      XL: |  1 |
---------------+----+-----
Long Blades    | 2 |  2.0
Fighting       | |  1.7
Throwing       | |  1.0
Dodging        | |  3.6
Spellcasting   | |  2.8
Translocations | |  4.7

Action                   || total
-------------------------++-------
Melee: Falchion          ||    30
 Cast: Apportation       ||     1
  Use: Potion            ||     1
Armor: Robe              ||     6
Dodge: Dodged            ||    33
